AoeStats
← bkg45

Black Forest

504552937Analyzed
3v3 RM · 27d ago on Sep 5, 2026· 44m 20s· 6 players
Game mode
Random Map
Map size
Normal (6 player)
Population
200
Speed
Normal
Resources
Standard
Victory
Conquest
Starting age
Dark Age
Ending age
Imperial Age
RankedLock teamsTeams togetherTeam positionsShared explorationLock speedFull tech treeHidden civsTurbo modeCheats
Victory
Defeat
🇺🇸 Chinese · United States
1251
+11
🇺🇸 Hindustanis · United States
1066
+19
🇺🇸 Britons · United States
1066
+53
🇸🇪 Malians · Sweden
1225
-20
🇸🇪 Saracens · Sweden
1123
-16
🇫🇮 Magyars · Finland
1060
-13
-- .- -. .. ... ....
13:04 Feudal Age
11:21 Loom
16:17 Wheelbarrow
16:31 Double-Bit Axe
17:33 Gold Mining
17:57 Horse Collar
21:12 Castle Age
22:14 Hand Cart
27:37 Bow Saw
28:29 Heavy Plow
32:16 Stone Mining
34:47 Forging
34:42 Scale Barding Armor
37:49 Imperial Age
38:36 Iron Casting
38:23 Chain Barding Armor
38:14 Husbandry
38:25 Bloodlines
38:31 Bloodlines
38:50 Heavy Camel Rider
40:18 Gold Shaft Mining
41:41 Chemistry
42:08 Conscription
43:18 Two-Man Saw
43:11 Imperial Camel Rider
bpaoe
0:26 Loom
11:57 Feudal Age
12:33 Man-at-Arms
13:43 Double-Bit Axe
22:21 Castle Age
23:33 Fletching
24:45 Wheelbarrow
26:42 Horse Collar
29:47 Bodkin Arrow
33:05 Gold Mining
33:02 Town Watch
37:58 Imperial Age
36:06 Bow Saw
37:43 Ballistics
37:24 Padded Archer Armor
38:42 Bracer
39:50 Chemistry
41:21 Leather Archer Armor
41:54 Hand Cart
42:04 Conscription
43:39 Ring Archer Armor
43:15 Elite Longbowman
44:47 Heavy Plow
44:39 Stone Mining
45:26 Gold Shaft Mining
bkg45
0:32 Loom
13:25 Feudal Age
13:57 Double-Bit Axe
18:19 Castle Age
16:12 Horse Collar
17:34 Town Watch
19:04 Fletching
20:22 Bodkin Arrow
20:15 Crossbowman
28:59 Bow Saw
28:54 Heavy Plow
30:49 Wheelbarrow
30:59 Gold Mining
31:00 Stone Mining
34:37 Imperial Age
32:54 Padded Archer Armor
33:41 Hand Cart
33:54 Ballistics
34:16 Leather Archer Armor
34:31 Thumb Ring
35:20 Masonry
35:30 Bracer
35:52 Conscription
36:24 Conscription
37:41 Architecture
38:11 Chemistry
38:24 Ring Archer Armor
39:43 Elite Chu Ko Nu
41:19 Scale Barding Armor
41:25 Forging
43:15 Rocketry
Knutbypastorn
2:31 Loom
2:36 Loom
13:11 Feudal Age
13:54 Double-Bit Axe
19:27 Castle Age
17:32 Horse Collar
18:43 Town Watch
19:16 Stone Mining
20:45 Forging
20:40 Scale Barding Armor
20:51 Light Cavalry
23:19 Husbandry
24:06 Gold Mining
25:00 Fletching
26:58 Gold Shaft Mining
34:15 Imperial Age
33:10 Iron Casting
32:55 Chain Barding Armor
32:37 Bodkin Arrow
34:21 Onager
35:29 Bracer
36:48 Bloodlines
37:40 Wheelbarrow
37:12 Light Cavalry
42:20 Chemistry
41:57 Siege Onager
43:44 Siege Engineers
EL BURRO
7:18 Loom
11:53 Feudal Age
17:49 Castle Age
17:01 Double-Bit Axe
24:39 Horse Collar
27:51 Arson
28:07 Squires
28:13 Scale Mail Armor
32:47 Heavy Plow
33:17 Bow Saw
35:49 Wheelbarrow
38:33 Hand Cart
39:18 Gold Mining
39:18 Stone Mining
41:05 Tigui
45:19 Imperial Age
43:13 Bloodlines
43:03 Husbandry
OwlfromLarsmo
0:31 Loom
12:55 Feudal Age
13:21 Double-Bit Axe
13:20 Horse Collar
15:26 Gold Mining
17:31 Fletching
24:23 Castle Age
23:16 Stone Mining
25:31 Bow Saw
24:50 Crossbowman
27:15 Wheelbarrow
32:35 Town Watch
35:33 Heavy Plow
40:33 Imperial Age
39:30 Thumb Ring
39:23 Bodkin Arrow
39:28 Padded Archer Armor
39:47 Corvinian Army
40:06 Scale Barding Armor
40:44 Gold Shaft Mining
41:06 Leather Archer Armor
41:01 Heavy Cavalry Archer
42:36 Bracer
43:55 Ballistics
Connection lost

Rejoining the realm…

Still unreachable

The connection could not be restored.

Session expired

The server has moved on; the page needs a fresh start.